Map: Port Aleksander LE

Players

Odin

  • Race: Protoss Protoss
  • League: Platinum
  • Spawn Location: 5:00

xxXXXxx - Winner!

  • Race: Terran Terran
  • League: Platinum
  • Spawn Location: 11:00

VOD

Have the link to the VOD?

Description

Time

  • Played on: Dec. 24, 2018, 3:36 a.m.
  • Length: 11:29
Show
View Real Time Build Order
Export as new Build Order

Odin Protoss 

Build Orders:  

Get SALT Encoding   

  12  0:03  Probe  
  13  0:14  Pylon  
  13  0:16  Probe  
  14  0:34  Forge  
  14  0:38  Probe  
  15  1:07  Pylon  
  15  1:16  Pylon  
  14  1:30  Pylon  
  14  1:32  Photon Cannon  
  14  1:33  Probe  
  15  1:55  Probe  
  15  1:58  Assimilator  
  15  2:01  Gateway  
  15  2:03  Probe  
  16  2:12  Probe  
  16  2:16  Assimilator  
  17  2:22  Probe  
  18  2:35  Probe  
  19  2:51  Pylon  
  19  2:56  Pylon  
  19  2:57  Cybernetics Core  
  19  3:00  Gateway  
  19  3:03  Gateway  
  19  3:11  Probe  
  20  3:22  Probe  
  20  3:26  Photon Cannon  
  21  3:33  Warp Gate  
  21  3:34  Probe  
  22  3:44  Adept  
  22  3:47  Adept  
  26  3:52  Adept  
  28  4:10  Robotics Facility  
  28  4:19  Sentry x2  
  32  4:29  Probe  
  33  4:47  Twilight Council  
  33  4:50  Adept x3  
  37  5:35  Resonating Glaives  
  37  5:37  Pylon  
  37  5:39  Pylon  
  37  5:41  Pylon  
  37  5:42  Pylon  
  37  5:48  Adept  
  39  5:56  Immortal  
  43  6:03  Adept x2  
  47  6:27  Probe  
  48  6:39  Probe  
  49  6:40  Nexus  
  49  6:41  Pylon  
  49  6:52  Adept x3  
  51  7:52  Adept x3  
  44  8:15  Gateway  
  44  8:17  Gateway, Stalker  
  44  8:19  Gateway  
  37  8:46  Stalker  
  38  9:35  Stalker  
  40  9:48  Stalker  
  31  10:13  Adept x2  
  31  10:16  Sentry x2  
  29  10:40  Adept x2  
  29  10:51  Probe  
  29  10:52  Probe  
  31  11:02  Sentry  
  33  11:13  Probe  
Show
View Real Time Build Order
Export as new Build Order

xxXXXxx Terran - Winner!

Build Orders:  

Get SALT Encoding   

  12  0:01  SCV  
  13  0:13  SCV  
  14  0:20  Supply Depot  
  14  0:25  SCV  
  15  0:42  SCV  
  16  0:44  Barracks  
  16  0:48  Refinery  
  16  0:59  SCV  
  17  1:13  Supply Depot  
  17  1:31  Marine  
  18  1:42  Bunker  
  18  1:58  Marine  
  15  2:16  Marine  
  15  2:35  Orbital Command  
  15  2:45  Barracks  
  15  3:09  Barracks Reactor  
  15  3:16  SCV  
  16  3:28  SCV  
  17  3:38  Command Center  
  17  3:52  Bunker  
  17  3:56  Barracks Tech Lab  
  17  4:08  SCV  
  18  4:22  Marauder  
  18  4:23  Refinery  
  20  4:27  SCV  
  21  4:39  SCV  
  22  4:50  SCV  
  22  4:51  SCV  
  24  4:53  Factory  
  24  5:03  SCV  
  24  5:06  Marauder  
  23  5:27  Marauder  
  25  5:40  Starport  
  25  5:44  SCV  
  26  5:52  Factory Tech Lab  
  26  6:00  Marauder  
  28  6:04  Marine  
  28  6:09  Marine  
  30  6:14  Liberator, SCV  
  31  6:21  Marine  
  31  6:24  SCV  
  36  6:42  Orbital Command  
  36  6:44  Marine  
  37  6:52  Cyclone  
  40  6:56  SCV  
  41  7:04  Stimpack  
  41  7:08  SCV  
  42  7:09  SCV  
  43  7:20  SCV  
  41  7:32  SCV  
  41  7:35  Marine  
  41  7:36  Marauder  
  42  7:43  Marine  
  37  7:53  Marine  
  37  7:57  Marauder  
  40  8:01  Marine  
  36  8:11  Marine  
  36  8:19  Marine, Marauder  
  39  8:29  Marine  
  37  8:37  Marine  
  37  8:40  Marauder  
  40  8:43  Medivac  
  40  8:47  Marine  
  43  8:54  Marine  
  44  9:01  Marauder  
  46  9:53  Marine, Medivac  
  46  10:03  Orbital Command  
  46  10:06  Marine  
  45  10:10  Marauder  
  45  10:11  Marine  
  39  10:24  Marine  
  37  10:29  Marine  
  37  10:32  Marauder  
  35  10:38  Supply Depot, Orbital Command  
  35  10:42  Marine  
  32  10:47  Marine  
  33  10:54  Marauder  
  35  11:00  Marine  
  35  11:04  SCV x2  
  38  11:13  Supply Depot  
  38  11:17  SCV  
Tags
 
Add a new tag
Caveats
  • Supply blocks, unpowered buildings, or Contaminate may cause inaccurate times.
  • Supply counts are checked every 10 seconds.